 Dungeon Crawl Stone Soup version 0.30-a0-722-g3e6e8c874d (webtiles) character file.

Game seed: 3046243246610902733

172 bmack86 the Covered (level 5, -3/47 HPs)
             Began as a Minotaur Fighter on Jan 28, 2023.
             Slain by an ogre
             ... wielding a +0 giant club
              (21 damage)
             ... on level 3 of the Dungeon.
             The game lasted 00:07:23 (2182 turns).

bmack86 the Covered (Minotaur Fighter)              Turns: 2182, Time: 00:07:24

Health: -3/47      AC:  9    Str: 23    XL:     5   Next: 27%
Magic:  4/4        EV:  7    Int:  5    God:
Gold:   114        SH:  5    Dex: 15    Spells: 4/4 levels left

rFire   . . .      SeeInvis .    a - +1 war axe
rCold   . . .      Faith    .    c - +0 buckler
rNeg    . . .      Spirit   .    j - +0 chain mail
rPois   .          Reflect  .    (helmet restricted)
rElec   .          Harm     .    (no cloak)
rCorr   .          Rampage  .    (no gloves)
Will    +....                    (no boots) Stlth
                                 (no amulet)
HPRegen 0.27/turn                s - +6 ring of dexterity
MPRegen 0.09/turn                k - ring of willpower

@: no status effects
A: horns 2, retaliatory headbutt
a: no special abilities


You were on level 3 of the Dungeon.
You visited 1 branch of the dungeon, and saw 3 of its levels.

You collected 114 gold pieces.

Inventory:

Hand Weapons
 a - a +1 war axe (weapon)
Missiles
 g - 8 poisoned darts (quivered)
Armour
 b - a +0 scale mail
 c - a +0 buckler (worn)
 j - a +0 chain mail (worn)
 o - a scarf of invisibility
Jewellery
 e - a +6 ring of intelligence
 h - a ring of resist corrosion
 k - a ring of willpower (right hand)
 p - a ring of poison resistance
 s - a +6 ring of dexterity (left hand)
Scrolls
 r - a scroll of identify {unknown}
 t - a scroll of magic mapping {unknown}
Potions
 d - 3 potions of might
 f - a potion of brilliance {unknown}
 i - a potion of mutation {unknown}
 l - a potion of curing {unknown}
 m - a potion of lignification {unknown}
 n - a potion of resistance {unknown}
 q - 2 potions of heal wounds {unknown}


   Skills:
 + Level 4.4 Fighting
 * Level 4.3 Axes
 + Level 1.5 Throwing
 + Level 4.5 Armour
 + Level 4.3 Shields


You had 4 spell levels left.
You didn't know any spells.
Your spell library contained the following spells:

 Spells                   Type           Power      Damage    Failure   Level
 Summon Small Mammal      Summ           0%         N/A       99%         1
 Call Canine Familiar     Summ           0%         N/A       100%        3
 Gell's Gravitas          Tloc           0%         N/A       100%        3
 Summon Guardian Golem    Hex/Summ       0%         N/A       100%        3
 Teleport Other           Tloc           0%         N/A       100%        3
 Dispersal                Tloc           0%         N/A       100%        6


Dungeon Overview and Level Annotations

Branches:
Dungeon (3/15)

Altars:


Innate Abilities, Weirdness & Mutations

You have a pair of horns on your head.
You reflexively headbutt those who attack you in melee.


Message History

An endoplasm comes into view.
The endoplasm quivers.
Found 3 stones.
An endoplasm comes into view.
The endoplasm quivers.
The endoplasm freezes you.
You are frozen.
There is an open door here.
You slash the endoplasm!
You kill the endoplasm!
The endoplasm hits you.
You slash the endoplasm!
You kill the endoplasm!
You see here 3 stones.
There is an open door here.
You open the door. 2 endoplasms and an ogre come into view.
The endoplasm quivers. x2
A hobgoblin and a scorpion come into view.
Found a ring mail, 2 stones and 18 gold pieces.
The hobgoblin shouts!
There is an open door here.
You hit the endoplasm. You headbutt the endoplasm.
You kill the endoplasm!
You slash the endoplasm!
You kill the endoplasm!
You hit the hobgoblin.
The hobgoblin hits you but does no damage. x2
You slash the ogre! You headbutt the ogre.
The ogre is severely wounded.
You barely miss the hobgoblin.
The ogre hits you with a +0 giant club!!
Ouch! That really hurt!
You block the hobgoblin's attack.
You hit the ogre.
The ogre is severely wounded.
You barely miss the hobgoblin. You completely miss the scorpion.
The scorpion stings you. The hobgoblin closely misses you.
The ogre hits you with a +0 giant club!!
You die...

#.#....# #..#'#..# #...
###..# ##.##.##.## #...
#..# #..#.(.#..# #... ####
#.#######.#####...
#####.#...†.#.......##
#.....#...).'..###### ##
#######.##.#########.# .#
#..........#g.....$#.# .#
#...)......@O.....[#.#
.##.##...>......#s.....(#.#
....##..........#########.#
#...##...........#.....)..#
#...####.###...#.#[....#.##
#...# #.# #####.#######.#
#...# #.# #..#...#..# ..[.#
#.# ##.##.##.## ##.## #.#
#.)#'#..##


You could see an ogre, a scorpion and a hobgoblin.

Vanquished Creatures
  An ogre (D:3)
  2 adders (D:2)
  A worm (D:2)
  2 dart slugs
  An orc (D:3)
  5 bats
  7 endoplasms
  4 giant cockroaches
  3 goblins
  9 hobgoblins
  2 quokkas (D:2)
  5 ball pythons
  3 frilled lizards
  6 kobolds
  8 rats
59 creatures vanquished.

Vanquished Creatures (others)
  3 fungi (D:2)
3 creatures vanquished.

Grand Total: 62 creatures vanquished

Notes
Turn   | Place    | Note
-------+----------+-------------------------------------------
     0 | D:1      | bmack86 the Minotaur Fighter began the quest for the Orb.
     0 | D:1      | Reached XP level 1. HP: 19/19 MP: 0/0
   269 | D:1      | Reached XP level 2. HP: 27/27 MP: 1/1
   979 | D:2      | Reached XP level 3. HP: 32/33 MP: 2/2
  1562 | D:2      | Reached skill level 1 in Throwing
  1623 | D:2      | Found a faded altar of an unknown god.
  1784 | D:3      | Reached XP level 4. HP: 40/40 MP: 3/3
  2043 | D:3      | Noticed an ogre
  2051 | D:3      | Killed an ogre
  2052 | D:3      | Reached XP level 5. HP: 47/47 MP: 4/4
  2177 | D:3      | Noticed an ogre
  2182 | D:3      | Slain by an ogre

Illustrated notes

Levels and vault maps discovered:
D:1:      eino_arrival_cavern_b, layout_loops_corners
D:2:      layout_basic, shapermc_ecumenical_altar_petra, nrook_mini_backslash,
          dreamdust_mushroom_princess, minmay_pentomino_t4
D:3:      layout_basic, minmay_divided_ellipse, uniq_sigmund

Skill      XL: |  1  2  3  4 |
---------------+-------------+-----
Axes           | 3 4 |  4.3
Armour         | 4 |  4.5
Fighting       | 4 |  4.4
Shields        | 4 |  4.3
Throwing       | 1 |  1.5

Action                     |  1- 3 |  4- 6 || total
---------------------------+-------+-------++-------
  Melee: War axe           |   103 |    25 ||   128
         Headbutt          |    11 |     5 ||    16
  Throw: Dart              |       |     4 ||     4
    Use: Scroll            |     3 |       ||     3
 Armour: Scale mail        |    33 |       ||    33
         Chain mail        |    23 |    18 ||    41
  Dodge: Dodged            |    60 |     7 ||    67
  Block: Buckler           |    21 |     7 ||    28

Table legend: (Time is in decaauts)
 A = Elapsed time spent in this place.
 B = Non-inter-level travel time spent in this place.
 C = Inter-level travel time spent in this place.
 D = Time resting spent in this place.
 E = Time spent auto-exploring this place.
 F = Levels seen in this place.
 G = Mean time per level.
                   A        B        C        D        E       F      G
               +--------+--------+--------+--------+--------+-----+--------+
         Total |   2227 |   2163 |     64 |      0 |   1558 |   3 |  742.3 |
       Dungeon |   2227 |   2163 |     64 |      0 |   1558 |   3 |  742.3 |
               +--------+--------+--------+--------+--------+-----+--------+

Top non-repeatable levels by time:
     D:1: 916 daAuts
     D:2: 855 daAuts
     D:3: 455 daAuts
